Match 46895338
Unlisted

Match 46895338
End
Construct Section Command Post
Infantry Section
Infantry Section
Dingo Light Scout Car
Infantry Section
Construct Platoon Command Post
Humber Armored Car
6-pounder Anti-tank Gun Team
Construct Field Infirmary
ML 3-inch Mortar Team
Selects Indian Artillery Battlegroup
Selects War Cry
Selects Gurkha Rifles Section
Gurkha Rifles Section
Selects Pillage
Grenade Package
Selects Artillery Saturation
Construct Company Command Post
Selects Off-map Airburst Barrage
6-pounder Anti-tank Gun Team
rocketpossum
Xandr27
0
0

Comments sign in to comment!

No comments posted yet!